 Dungeon Crawl Stone Soup version 0.29-a0-330-g52719c12eb (webtiles) character file.

Game seed: 11679098697978030938

145233 Ajdolov the Warrior (level 18, -1/184 HPs)
             Began as a Djinni Fire Elementalist on Apr 19, 2022.
             Was an Elder of Ashenzari.
             Slain by an entropy weaver (10 damage)
             ... on level 4 of the Lair of Beasts.
             The game lasted 01:07:38 (28266 turns).

Ajdolov the Warrior (Djinni Fire Elementalist)     Turns: 28266, Time: 01:07:39

Health: -1/184     AC: 12    Str:  6 (7)  XL:     18   Next: 3%
Gold:   2419       EV: 14    Int: 25      God:    Ashenzari [****..] SH:  0 Dex: 14

rFire   x . .      SeeInvis +   (weapon currently unavailable)
rCold   + + +      Faith    .   (shield currently unavailable)
rNeg    . . .      Spirit   .   (body armour currently unavailable)
rPois   ∞          Reflect  .   (helmet currently unavailable)
rElec   .          Harm     .   (cloak currently unavailable)
rCorr   .          Rampage  .   (gloves currently unavailable)
Will    +++..      Clarity  +   (boots unavailable)
Stlth   ++........              H - amulet "Share My Asceticism" {Acrobat, Self, Range} (curse)
HPRegen 0.40/turn               m - ring of the Unyielding Gaze {Will+, Evo, Self} (curse)
MPRegen 0.00/turn               B - ring "Omen of the Eternal God" {Will+, Melee, Self} (curse)

@: ice-form, corroded, flying
A: freezing attack, flying, boosted hp, sickness immunity, large, (fire
resistance 2), (cold vulnerability 1), float, innate caster, HP casting, extra
vitality 1
a: End Transformation, Renounce Religion, Curse Item, Shatter the Chains


You were on level 4 of the Lair of Beasts.
You worshipped Ashenzari.
Ashenzari was greatly pleased with you.
You were a creature of crystalline ice.
You visited 5 branches of the dungeon, and saw 25 of its levels.
You also visited: Ossuary.

You collected 2806 gold pieces.
You spent 387 gold pieces at shops.

Inventory:

Hand Weapons
 O - the cursed +3 dagger of Curses and Power (melded) {freeze, Self, Melee}
   (You took it off a kobold on level 10 of the Dungeon)

   It freezes those it strikes, dealing additional cold damage.
   It can also slow down cold-blooded creatures.
   It has a curse which improves the following skills: Introspection: Fighting
   and Spellcasting.
   Melee Combat: Short Blades, Long Blades, Axes, Maces & Flails, Polearms,
   Staves and Unarmed Combat.
Missiles
 g - a throwing net
 n - 13 curare-tipped darts
Armour
 b - the cursed +2 pair of gloves of Ashenzari's Jealousy (melded) {Self, Range}
   (You found it on level 10 of the Dungeon)

   It has a curse which improves the following skills: Introspection: Fighting
   and Spellcasting.
   Ranged Combat: Slings, Bows, Crossbows and Throwing.
 z - the cursed +2 helmet of the Cryptic Oracle (melded) {rN+, Self, Fort}
   (You took it off Robin on level 4 of the Dungeon)

   rN:        It protects you from negative energy.
   It has a curse which improves the following skills: Introspection: Fighting
   and Spellcasting.
   Fortitude: Armour and Shields.
 R - a +2 kite shield of reflection (melded)
 S - a +2 cloak of stealth (melded)
 Z - a +4 troll leather armour (melded) {Snorg}
Jewellery
 m - the cursed ring of the Unyielding Gaze (left front paw) {Will+, Evo, Self}
   (You found it on level 2 of the Dungeon)

   [ring of willpower]

   Will:      It increases your willpower.
   It has a curse which improves the following skills: Evocations: Evocations.
   Introspection: Fighting and Spellcasting.
 t - a ring of protection from cold
 B - the cursed ring "Omen of the Eternal God" (right front paw) {Will+, Melee, Self}
   (You found it on level 5 of the Dungeon)

   [ring of willpower]

   Will:      It increases your willpower.
   It has a curse which improves the following skills: Melee Combat: Short
   Blades, Long Blades, Axes, Maces & Flails, Polearms, Staves and Unarmed
   Combat.
   Introspection: Fighting and Spellcasting.
 H - the cursed amulet "Share My Asceticism" (around neck) {Acrobat, Self, Range}
   (You took it off a spriggan on level 6 of the Lair of Beasts)

   [amulet of the acrobat]

   It increases your evasion while moving and waiting.
   It has a curse which improves the following skills: Introspection: Fighting
   and Spellcasting.
   Ranged Combat: Slings, Bows, Crossbows and Throwing.
 I - a ring of protection from fire
Wands
 o - a wand of iceblast (24)
 u - a wand of polymorph (32)
 x - a wand of flame (51)
 A - a wand of digging (8)
 D - a wand of mindburst (24)
 J - a wand of acid (6)
 M - a wand of charming (7)
 W - a wand of paralysis (6)
Scrolls
 a - 5 scrolls of enchant weapon
 d - 3 scrolls of immolation
 j - 12 scrolls of teleportation
 k - 3 scrolls of fog
 l - 3 scrolls of magic mapping
 p - 2 scrolls of silence
 s - 2 scrolls of brand weapon
 v - 5 scrolls of fear
 y - a scroll of holy word
 K - a scroll of noise
 L - 3 scrolls of vulnerability
 Q - a scroll of torment
 T - a scroll of enchant armour
Potions
 c - 4 potions of magic
 e - 12 potions of curing
 f - 9 potions of might
 h - 11 potions of degeneration
 i - 5 potions of attraction
 q - 4 potions of lignification
 r - 5 potions of brilliance
 w - 2 potions of cancellation
 C - 7 potions of haste
 E - 2 potions of heal wounds
 F - 2 potions of resistance
 G - 4 potions of ambrosia
 N - 2 potions of berserk rage
 P - 3 potions of invisibility
 V - a potion of mutation
Miscellaneous
 U - a condenser vane


   Skills:
 - Level 18.0(21.7) Fighting
 - Level 8.3 Armour
 - Level 10.0 Dodging
 - Level 1.5 Stealth
 - Level 8.0 Shields
 - Level 14.5(18.3) Spellcasting
 * Level 6.3(8.3) Evocations


You had 9 spell levels left.
You knew the following spells:

 Your Spells              Type           Power      Damage    Failure   Level
a - Foxfire               Conj/Fire      100%       2x1d9     0%          1
b - Scorch                Fire           100%       2d10      0%          2
c - Conjure Flame         Conj/Fire      85%        6-21      0%          3
d - Inner Flame           Hex/Fire       85%        N/A       0%          3
e - Flame Wave            Conj/Fire      85%        2d15      0%          4
f - Magic Dart            Conj           100%       1d8       0%          1
g - Searing Ray           Conj           100%       2d8       0%          2
h - Stone Arrow           Conj/Erth      100%       3d13      0%          3
i - Ice Form              Ice/Tmut       85%        N/A       0%          4
j - Summon Ice Beast      Ice/Summ       85%        N/A       0%          4
k - Freezing Cloud        Conj/Ice/Air   42%        6-21      1%          5
l - Simulacrum            Ice/Necr       42%        N/A       1%          6
m - Eringya's Noxious Bo  Tmut/Pois      42%        N/A       1%          6
Your spell library was empty.

Dungeon Overview and Level Annotations

Branches:
Dungeon (15/15)            Temple (1/1) D:4            Lair (6/6) D:11
 Shoals (0/4) Lair:3       Spider (1/4) Lair:4        Slime (0/5) Lair:5
    Orc (2/2) D:9             Elf (0/3) Orc:2        Vaults (0/5) D:13
 Depths (0/4) D:15        Ossuary (visited)

Altars:
Ashenzari
Cheibriados
Dithmenos
Elyvilon
Fedhas
Gozag
Hepliaklqana
Makhleb
Nemelex Xobeh
Okawaru
Qazlal
Ru
Sif Muna
Trog
Uskayaw
Vehumet
Xom
Yredelemnul
Zin
The Shining One
Beogh
Jiyva

Shops:
D:6 (   Orc:1 *   Orc:2 (?[*

Annotations:
D:11 3 runed translucent doors, anonymous's ghost, journeyman TeAE
D:14 2 transporters, Ilyzxeki's ghost, journeyman DrCj
Lair:2 2 transporters, PeterMcNeter's ghost, journeyman OpTm
Lair:3 3 runed translucent doors, Athor's ghost, journeyman VSFi


Innate Abilities, Weirdness & Mutations

You are a creature of crystalline ice.
You have a powerful freezing melee attack.
You are flying.
Your maximum health is increased.
Your armour is entirely melded.
You are incapable of wielding weapons or throwing items.
You are immune to sickness and miasma.
You are immune to poison.
((Your flesh is very heat resistant. (rF++)))
((You are vulnerable to cold. (rC-)))
You float through the air rather than walking.
You learn spells naturally, not from books.
Your magical power is your life essence.
You have superior vitality. (+4 MHP)


Message History

Confirm with . or Enter, or press ? or * to list all spells.
There is nothing here to animate!
Casting: Simulacrum (mildly dangerous; 1% risk of failure)
Confirm with . or Enter, or press ? or * to list all spells.
Aiming: Freezing Cloud (safe; 1% risk of failure)
Press: ? - help, Dir - move target That beam is likely to hit you.
Continue anyway?
* * * LOW HITPOINT WARNING * * *
The entropy weaver is engulfed in freezing vapours.
The entropy weaver hits you but does no damage.
The entropy weaver hits you.
* * * LOW HITPOINT WARNING * * *
The entropy weaver hits you!
* * * LOW HITPOINT WARNING * * *
The entropy weaver hits you!
* * * LOW HITPOINT WARNING * * *
You feel better.
The entropy weaver is engulfed in freezing vapours.
The entropy weaver hits you!
* * * LOW HITPOINT WARNING * * *
The entropy weaver hits you but does no damage. x2
The entropy weaver closely misses you.
You feel better.
The entropy weaver is engulfed in freezing vapours.
The entropy weaver casts a spell at you.
The entropic weave corrodes you!
You feel better.
You carefully extract the barbed spikes from your body.
The entropy weaver is engulfed in freezing vapours.
The entropy weaver hits you but does no damage.
The entropy weaver hits you.
* * * LOW HITPOINT WARNING * * *
The entropy weaver closely misses you. x2
The entropy weaver is engulfed in freezing vapours.
The entropy weaver misses you. The entropy weaver hits you!
* * * LOW HITPOINT WARNING * * *
The entropy weaver hits you!
* * * LOW HITPOINT WARNING * * *
The entropy weaver hits you!
You die...

.##.###......##....#.............
#.P.##.......##....#......##.....
#....#.............#.............
....##.........###...............
..#####......##.#.##.............
### #......#.......#......#.....
.######.....#..###..#.....#..#..#
...........#..#.#.#.#.....####.##
...........##.#.Y####............
...........#.§#B#.#.#............
............#§§###..#............
............#§§§....#............
............§##§..##............#
.###....#......###............#.#
.# #..###....#..###.##......P..#.
.# ##.# #.....#+...+##......#..##
.# #..###.<..##......#......#..##


You could see an entropy weaver.

Vanquished Creatures
  Kirke (D:15)
  Donald (Orc:2)
  A ghost moth (Spider:1)
  Snorg (D:12)
  4 boulder beetles
  10 hydras
  2 catoblepae
  6 ogre magi
  3 centaur warriors
  27 two-headed ogres
  3 tengu warriors (D:14)
  The ghost of Sibufos the Martial Artist, a novice DsGl of Nemelex Xobeh (Lair:1)
  A death yak (Lair:6)
  3 skeletal warriors (D:14)
  A steelbarb worm (Spider:1)
  7 wizards
  A necromancer (D:15)
  An orc knight (Orc:1)
  Pikel (D:4)
  5 deep elf zephyrmancers (Orc:2)
  5 deep elf pyromancers
  3 lindwurms (Lair:4)
  2 wolf spiders (Spider:1)
  9 ugly things
  3 orc sorcerers
  6 manticores
  8 cyclopes
  A centaur zombie (D:15)
  A moth of wrath (Spider:1)
  8 elephants
  Maurice (D:13)
  Joseph (D:8)
  A gargoyle (D:11)
  2 torpor snails
  13 cane toads
  5 black mambas
  Maggie (D:6)
  A centaur skeleton (D:15)
  2 unseen horrors
  10 komodo dragons
  An efreet (D:15)
  7 rime drakes
  A demonic crawler (Spider:1)
  A freezing wraith (D:15)
  A tengu conjurer (D:14)
  6 trolls
  8 polar bears
  A meliai (Lair:4)
  4 hornets (Lair:6)
  Grinder (D:3)
  5 slime creatures (D:12)
  12 dream sheep
  6 blink frogs
  A raiju (shapeshifter) (D:13)
  Sigmund (D:5)
  A centaur simulacrum (D:15)
  A vampire (D:11)
  9 spriggans (Lair:6)
  A shadow (D:9)
  57 yaks
  4 wraiths
  3 hogs (D:15)
  A human (D:15)
  13 wyverns
  Grum (D:11)
  11 basilisks
  3 vampire mosquitoes (D:11)
  Menkaure (D:6)
  A warg (Orc:2)
  Edmund (D:6)
  An acid dragon (D:11)
  14 water moccasins
  3 hell hounds (D:14)
  Duvessa (D:4)
  2 sky beasts
  17 orc warriors
  An ice beast (D:5)
  3 black bears
  24 ogres
  5 boggarts (Lair:6)
  A lemure (D:4)
  22 wolves
  12 centaurs
  A phantom (D:4)
  2 kobold brigands
  25 bullfrogs
  3 scorpions
  8 wights
  Dowan (D:4)
  10 killer bees
  An electric eel (D:7)
  7 howler monkeys
  3 jellies
  9 orc priests
  3 hounds
  Crazy Yiuf (D:2)
  Ijyb (D:3)
  Natasha (thrice) (D:2)
  6 iguanas
  8 hell rats (D:14)
  14 orc wizards
  A mummy (D:6)
  Robin (D:4)
  6 adders
  14 gnolls
  2 shadow imps (D:6)
  2 ufetubi (D:5)
  An adder zombie (Ossuary)
  6 worms
  2 dart slugs (D:4)
  42 orcs
  3 endoplasms
  4 giant cockroaches
  15 goblins
  10 hobgoblins
  8 jackals
  5 quokkas
  8 ball pythons
  A ball python skeleton (Ossuary)
  13 bats
  5 frilled lizards
  A goblin skeleton (D:6)
  2 goblin zombies (D:6)
  A hobgoblin skeleton (Ossuary)
  4 hobgoblin zombies
  15 kobolds
  A kobold skeleton (D:6)
  2 kobold zombies (Ossuary)
  2 orc skeletons
  An orc zombie (Ossuary)
  4 rats
  3 bushes (Lair:2)
724 creatures vanquished.

Vanquished Creatures (collateral kills)
  A two-headed ogre (Orc:2)
  An elephant (Lair:4)
  A yak (Lair:1)
3 creatures vanquished.

Vanquished Creatures (others)
  3 humans (D:15)
  54 foxfires (D:1)
  50 fungi
  62 plants
169 creatures vanquished.

Grand Total: 896 creatures vanquished

Notes
Turn   | Place    | Note
-------+----------+-------------------------------------------
     0 | D:1      | Ajdolov the Djinni Fire Elementalist began the quest for
                  | the Orb.
     0 | D:1      | Reached XP level 1. HP: 15/15 MP: 0/0
   402 | D:1      | Reached XP level 2. HP: 19/21 MP: 0/0
  1419 | D:1      | Reached XP level 3. HP: 22/25 MP: 0/0
  1419 | D:1      | Learned a level 1 spell: Magic Dart
  1930 | D:2      | Reached XP level 4. HP: 28/31 MP: 0/0
  2446 | D:2      | Noticed Natasha
  2453 | D:2      | Killed Natasha
  2710 | D:2      | Noticed Natasha
  2713 | D:2      | Killed Natasha
  2714 | D:2      | Reached XP level 5. HP: 30/35 MP: 0/0
  2714 | D:2      | Learned a level 2 spell: Searing Ray
  3007 | D:2      | Noticed Natasha
  3017 | D:2      | Killed Natasha
  3070 | D:2      | Found a runed translucent door.
  3071 | D:2      | Noticed Crazy Yiuf
  3513 | D:2      | Killed Crazy Yiuf
  3584 | D:3      | Noticed Ijyb
  3605 | D:3      | HP: 1/35 [Ijyb/+0 dagger (2)]
  3609 | D:3      | Killed Ijyb
  3610 | D:3      | Reached XP level 6. HP: 8/40 MP: 0/0
  3867 | D:3      | Noticed Grinder
  4092 | D:3      | Reached skill level 5 in Spellcasting
  4459 | D:3      | Killed Grinder
  4460 | D:3      | Reached XP level 7. HP: 39/45 MP: 0/0
  4460 | D:3      | Learned a level 3 spell: Stone Arrow
  4765 | D:3      | Found a faded altar of an unknown god.
  5412 | D:4      | Noticed Dowan
  5416 | D:4      | Noticed Duvessa
  5420 | D:4      | Killed Duvessa
  5427 | D:4      | Killed Dowan
  5744 | D:4      | Reached XP level 8. HP: 47/50 MP: 0/0
  5972 | D:4      | Found a staircase to the Ecumenical Temple.
  5975 | D:4      | Identified the +2 helmet of the Evening Star {rN+}
  5975 | D:4      | Noticed Robin
  6020 | Temple   | Entered the Ecumenical Temple
  6306 | Temple   | Became a worshipper of Ashenzari the Shackled
  6339 | D:4      | Noticed Pikel
  6803 | D:4      | Killed Pikel
  7178 | D:4      | Killed Robin
  7375 | D:5      | Entered Level 5 of the Dungeon
  7375 | D:5      | Noticed Sigmund
  7377 | D:5      | Killed Sigmund
  7378 | D:5      | Reached XP level 9. HP: 44/55 MP: 0/0
  7378 | D:5      | Learned a level 4 spell: Ice Form
  8144 | D:5      | Found a shimmering altar of Xom.
  8771 | D:6      | Found a sand-covered staircase.
  8783 | Ossuary  | Entered an ossuary
  9129 | Ossuary  | Reached skill level 1 in Fighting
  9251 | Ossuary  | Reached skill level 2 in Fighting
  9251 | Ossuary  | Reached skill level 10 in Spellcasting
  9503 | D:6      | Noticed Menkaure
  9513 | D:6      | Killed Menkaure
  9514 | D:6      | Reached XP level 10. HP: 35/65 MP: 0/0
  9733 | D:6      | Noticed Edmund
  9736 | D:6      | Killed Edmund
  9769 | D:6      | Noticed Maggie
  9777 | D:6      | Killed Maggie
  9778 | D:6      | Reached skill level 3 in Fighting
  9987 | D:6      | Found Balufoq's Weapon Shop.
 10289 | D:6      | Found a glowing golden altar of the Shining One.
 10611 | D:7      | Reached skill level 4 in Fighting
 11314 | D:7      | Found a glowing silver altar of Zin.
 11384 | D:7      | Found an opulent altar of Gozag.
 11928 | D:8      | Reached skill level 5 in Fighting
 12004 | D:8      | Reached XP level 11. HP: 58/76 MP: 0/0
 12004 | D:8      | Learned a level 4 spell: Summon Ice Beast
 12045 | D:8      | Noticed Joseph
 12054 | D:8      | Killed Joseph
 12321 | D:8      | Reached skill level 6 in Fighting
 12829 | D:9      | Found a staircase to the Orcish Mines.
 13236 | D:9      | Noticed a five-headed hydra
 13243 | D:9      | Killed a five-headed hydra
 13244 | D:9      | Reached skill level 7 in Fighting
 13726 | D:10     | Entered Level 10 of the Dungeon
 14479 | D:10     | Found an iron altar of Okawaru.
 14483 | D:10     | Found a blossoming altar of Fedhas.
 14483 | D:10     | Found a sacrificial altar of Ru.
 14483 | D:10     | Found a basalt altar of Yredelemnul.
 14483 | D:10     | Found a sparkling altar of Nemelex Xobeh.
 14484 | D:10     | Found a hazy altar of Hepliaklqana.
 14486 | D:10     | Found a hide-covered altar of Uskayaw.
 14488 | D:10     | Found a snail-covered altar of Cheibriados.
 14756 | D:11     | Noticed a cyclops
 14783 | D:11     | Killed a cyclops
 14784 | D:11     | Reached XP level 12. HP: 81/88 MP: 0/0
 14856 | D:11     | Reached skill level 8 in Fighting
 14929 | D:11     | Noticed Grum
 14944 | D:11     | Killed Grum
 15058 | D:11     | Found a runed translucent gate.
 15058 | D:11     | Found a runed translucent gate.
 15058 | D:11     | Found a runed translucent gate.
 15062 | D:11     | Noticed anonymous's ghost (journeyman TeAE)
 15068 | D:11     | Identified the +11 chain mail of Bad Feelings {Harm rElec}
 15321 | D:11     | Found a staircase to the Lair.
 15538 | D:11     | Reached * piety under Ashenzari
 15538 | D:11     | Identified a scroll of acquirement
 15539 | D:11     | Acquired 530 gold pieces
 15594 | D:11     | Identified the +0 helmet "Raedaga" {Dex+4}
 15653 | Lair:1   | Entered Level 1 of the Lair of Beasts
 15760 | Lair:1   | Found a runed translucent door.
 15760 | Lair:1   | Noticed Sibufos's ghost (novice DsGl)
 15863 | Lair:1   | Killed Sibufos's ghost
 15907 | Lair:1   | Noticed an eight-headed hydra
 15924 | Lair:1   | Killed an eight-headed hydra
 16196 | Lair:1   | Identified the ring "Mestos" {Fire Int+4}
 16427 | Lair:1   | Reached XP level 13. HP: 30/96 MP: 0/0
 16427 | Lair:1   | Learned a level 5 spell: Freezing Cloud
 16649 | Lair:1   | Noticed a seven-headed hydra
 16654 | Lair:1   | Killed a seven-headed hydra
 16803 | Lair:2   | Reached skill level 9 in Fighting
 17037 | Lair:2   | Noticed a catoblepas
 17041 | Lair:2   | Killed a catoblepas
 17042 | Lair:2   | Reached skill level 10 in Fighting
 17139 | Lair:2   | Found a transporter.
 17143 | Lair:2   | Found a transporter.
 17148 | Lair:2   | Identified the +2 hat of the Stonemason {rPois rF- rC+
                  | Will+}
 17153 | Lair:2   | Found a bloodstained altar of Trog.
 17176 | Lair:2   | Noticed PeterMcNeter's ghost (journeyman OpTm)
 17234 | Lair:2   | Reached skill level 5 in Dodging
 17766 | Lair:2   | Noticed a seven-headed hydra
 17769 | Lair:2   | Killed a seven-headed hydra
 17770 | Lair:2   | Reached skill level 11 in Fighting
 17973 | Lair:3   | Noticed a four-headed hydra
 17976 | Lair:3   | Killed a four-headed hydra
 18163 | Lair:3   | Found a staircase to the Shoals.
 18177 | Lair:3   | Noticed a seven-headed hydra
 18184 | Lair:3   | Killed a seven-headed hydra
 18243 | Lair:3   | Found a runed translucent gate.
 18243 | Lair:3   | Found a runed translucent gate.
 18243 | Lair:3   | Found a runed translucent gate.
 18282 | Lair:3   | Noticed a 12-headed hydra
 18282 | Lair:3   | Noticed Athor's ghost (journeyman VSFi)
 18284 | Lair:3   | Noticed a 12-headed hydra
 18830 | Lair:4   | Reached skill level 12 in Fighting
 19078 | Lair:4   | Found a hole to the Spider Nest.
 19090 | Lair:4   | Reached XP level 14. HP: 63/110 MP: 0/0
 19253 | Lair:4   | Reached ** piety under Ashenzari
 19589 | Lair:5   | Found a viscous altar of Jiyva.
 19590 | Lair:5   | Found a staircase to the Slime Pits.
 19698 | Lair:5   | Reached skill level 13 in Fighting
 19719 | Lair:5   | Reached *** piety under Ashenzari
 19959 | Lair:5   | Identified the +7 falchion "Daxezuwn" {spect, rF+}
 20534 | Lair:6   | Entered Level 6 of the Lair of Beasts
 21062 | Lair:6   | Reached skill level 14 in Fighting
 21683 | Lair:6   | Reached XP level 15. HP: 119/129 MP: 0/0
 21683 | Lair:6   | Learned a level 6 spell: Simulacrum
 21806 | Lair:6   | Reached skill level 10 in Dodging
 21965 | Lair:6   | Reached skill level 15 in Fighting
 22047 | Lair:6   | Identified the +1 plate armour of Ihuepib {rN+ Dex+2}
 22093 | Lair:6   | Reached skill level 1 in Armour
 22367 | Orc:1    | Entered Level 1 of the Orcish Mines
 22539 | Orc:1    | Found Rurumm's Specific Store.
 22574 | Orc:1    | Found Sepappab's General Store.
 22578 | Orc:1    | Bought a scroll of teleportation for 36 gold pieces
 22578 | Orc:1    | Bought a scroll of teleportation for 36 gold pieces
 22985 | Orc:2    | Entered Level 2 of the Orcish Mines
 23016 | Orc:2    | Found Wojetzai's Antique Weapon Boutique.
 23016 | Orc:2    | Found Bidionov's Magic Scroll Emporium.
 23019 | Orc:2    | Found Goinil's Armour Emporium.
 23019 | Orc:2    | Found Suticrew's Assorted Antiques.
 23031 | Orc:2    | Reached skill level 5 in Armour
 23036 | Orc:2    | Reached skill level 16 in Fighting
 23134 | Orc:2    | Bought a scroll of magic mapping for 45 gold pieces
 23135 | Orc:2    | Bought a faintly glowing rapier for 270 gold pieces
 23135 | Orc:2    | Identified the +5 rapier "Hoefyc" {holy, SInv} (You bought
                  | it in a shop on level 2 of the Orcish Mines)
 23448 | Orc:2    | Found a staircase to the Elven Halls.
 23472 | Orc:2    | Noticed Donald
 23502 | Orc:2    | Reached skill level 5 in Evocations
 23502 | Orc:2    | Reached XP level 16. HP: 76/139 MP: 0/0
 23652 | Orc:2    | HP: 3/139 [Donald/+1 eveningstar of protection (14)]
 23653 | Orc:2    | Killed Donald
 24559 | D:12     | Identified the amulet of Hard Scrabble {Spirit -Tele Harm
                  | rPois Stlth+}
 24756 | D:12     | Found an iron altar of Okawaru.
 25093 | D:12     | Noticed Snorg
 25100 | D:12     | Killed Snorg
 25308 | D:13     | Reached skill level 1 in Shields
 25369 | D:13     | Noticed Maurice
 25373 | D:13     | Killed Maurice
 25396 | D:13     | Reached XP level 17. HP: 121/146 MP: 0/0
 25396 | D:13     | Learned a level 6 spell: Eringya's Noxious Bog
 25685 | D:13     | Identified the Catalogue of Displacement
 26042 | D:13     | Found a gate to the Vaults.
 26264 | D:14     | Reached skill level 17 in Fighting
 26580 | D:14     | Found a transporter.
 26611 | D:14     | Reached skill level 5 in Shields
 26923 | D:14     | Noticed Ilyzxeki's ghost (journeyman DrCj)
 26933 | D:14     | Reached **** piety under Ashenzari
 26956 | D:14     | Identified the ring "Qexetoluu" {rCorr EV+4 Str+2}
 26969 | D:14     | Found a transporter.
 27061 | D:15     | Entered Level 15 of the Dungeon
 27192 | D:15     | Noticed Kirke
 27206 | D:15     | Killed Kirke
 27359 | D:15     | Found a staircase to the Depths.
 27845 | D:15     | Reached skill level 18 in Fighting
 28233 | Spider:1 | Entered Level 1 of the Spider Nest
 28253 | Spider:1 | Reached XP level 18. HP: 107/159 MP: 0/0
 28266 | Lair:4   | HP: 9/184 [entropy weaver (11)]
 28266 | Lair:4   | Slain by an entropy weaver

Illustrated notes

Levels and vault maps discovered:
D:1:      heliophobic_arrival_battle_scene, layout_loops_corners,
          minmay_pentomino_p2
D:2:      layout_loops_ring, chequers_serial_rivers_micro_a,
          chequers_serial_rivers_micro_d, uniq_natasha, uniq_crazy_yiuf_cottage
D:3:      layout_loops_corners, ebering_ecumenical_altar_hall, uniq_ijyb,
          uniq_grinder
D:4:      layout_basic, minmay_temple_entry_sparse_star, uniq_robin, uniq_pikel,
          uniq_duvessa
D:5:      minmay_skewed_foursquare, layout_rooms, mainiacjoe_overflow_brackets,
          uniq_sigmund
D:6:      layout_loops_corners, nicolae_tso_besieged_by_evil, serial_shops,
          shop, gup_ossuary_entry_pyramid, uniq_maggie, uniq_edmund,
          uniq_menkaure
D:7:      layout_loops_ring, pdpol_temple_overflow_zin_treasury_gozag_greed,
          minmay_crystal_water, roderic_serpentine_path
D:8:      layout_gridville, amethyst_killhole, grunt_tough_drop, uniq_joseph
D:9:      layout_layer_cave, nicolae_sif_muna_condensation, orc_0_dummy,
          chequers_serial_rivers_micro_d
D:10:     layout_basic, minitemple
D:11:     layout_long_grid, david_lair_shrubbed, biasface_ghost_orc_armoury,
          grunt_ministairs_2, uniq_grum
D:12:     layout_basic, okawaru_metal_pillars_1_2, uniq_snorg
D:13:     layout_roguey, david_vaults_1, kennysheep_generic_room_12,
          uniq_maurice
D:14:     layout_roguey [special_room_mythical_zoo],
          gammafunk_ghost_berserking_beasts
D:15:     grunt_enter_depths_magical_seal, layout_long_grid, uniq_kirke
Temple:   jpeg_temple_island
Lair:1:   layout_chaotic_city, serial_rivers, chequers_serial_rivers_large_b,
          chequers_serial_rivers_micro_c, chequers_serial_rivers_marsh,
          chequers_serial_rivers_marsh, ebering_ghost_reflecting_pool
Lair:2:   cheibrodos_lair_river_kwai, layout_regular_city,
          gammafunk_ghost_wrathful_warriors, minmay_hedge_maze,
          grunt_megastairs_5
Lair:3:   layout_hall_layers, shoals_dummy_entry, gammafunk_ghost_hydra_chop
Lair:4:   layout_regular_city, hellmonk_spider_entry_not_the_bees,
          roderic_batcave, nicolae_lair_lindhole, lemuel_fruit_tree
Lair:5:   layout_layer_cave, slime_altar_1, kennysheep_basilisk_garden,
          grunt_megastairs_4
Lair:6:   minmay_lair_end_enchanted_forest, layout_loops_ring
Spider:1: layout_spider_delve, nicolae_spider_not_touching_you
Orc:1:    layout_diamond_mine, nicolae_specific_store
Orc:2:    st_orc_ogre_mass, layout_caves, elves_outpost_lemuel, uniq_donald

Skill      XL: |  1  2  3  4  5  6  7  8  9 10 11 12 13 14 15 16 17 |
---------------+----------------------------------------------------+-----
Spellcasting   | 3 4 5 6 8 10 11 12 14 | 14.5
Fighting       | 2 5 7 8 12 14 16 18 | 18.0
Dodging        | 7 9 10 | 10.0
Armour         | 6 7 8 |  8.3
Evocations     | 5 6 |  6.3
Shields        | 1 8 |  8.0
Stealth        | |  1.5

Action                   |  1- 3 |  4- 6 |  7- 9 | 10-12 | 13-15 | 16-18 || total
-------------------------+-------+-------+-------+-------+-------+-------++-------
Melee: Dagger            |     3 |     1 |     1 |     1 |     2 |       ||     8
       Unarmed           |       |       |       |       |       |     1 ||     1
Throw: Dart              |       |     4 |       |       |       |       ||     4
       Throwing net      |       |     1 |       |       |       |       ||     1
 Cast: Foxfire           |    31 |       |       |       |       |       ||    31
       Scorch            |    12 |    47 |   107 |   157 |   229 |   153 ||   705
       Searing Ray       |       |     4 |     9 |       |       |       ||    13
       Magic Dart        |       |     5 |       |       |       |       ||     5
       Conjure Flame     |       |     1 |     1 |       |       |       ||     2
       Inner Flame       |       |     1 |     2 |       |       |       ||     3
       Stone Arrow       |       |       |    33 |    96 |    63 |    99 ||   291
       Flame Wave        |       |       |     1 |    35 |       |       ||    36
       Summon Ice Beast  |       |       |       |     4 |     5 |     3 ||    12
       Ice Form          |       |       |       |     1 |       |     1 ||     2
       Freezing Cloud    |       |       |       |       |   154 |    79 ||   233
       Eringya's Noxious |       |       |       |       |       |     7 ||     7
Invok: Curse Item        |       |       |       |     2 |     3 |     1 ||     6
Evoke: Wand              |       |     1 |       |       |     1 |     6 ||     8
       Condenser vane    |       |       |       |       |       |     1 ||     1
  Use: Potion            |       |     1 |     1 |       |     3 |     4 ||     9
       Scroll            |       |       |       |     2 |     3 |     3 ||     8
Armor: Robe              |     1 |     2 |    13 |       |       |       ||    16
       Leather armour    |       |       |     5 |     5 |       |       ||    10
       Troll leather arm |       |       |       |    50 |    37 |    69 ||   156
       Skin              |       |       |       |       |       |     4 ||     4
Dodge: Dodged            |     9 |    12 |    43 |    99 |    72 |   122 ||   357
Block: Buckler           |       |       |       |       |       |    27 ||    27
       Kite shield       |       |       |       |       |       |    10 ||    10

Table legend: (Time is in decaauts)
 A = Elapsed time spent in this place.
 B = Non-inter-level travel time spent in this place.
 C = Inter-level travel time spent in this place.
 D = Time resting spent in this place.
 E = Time spent auto-exploring this place.
 F = Levels seen in this place.
 G = Mean time per level.
                   A        B        C        D        E       F      G
               +--------+--------+--------+--------+--------+-----+--------+
         Total |  28284 |  26866 |   1418 |   3407 |  19247 |  26 | 1087.8 |
       Dungeon |  18723 |  17858 |    865 |   2463 |  12855 |  15 | 1248.2 |
        Temple |    317 |    287 |     30 |    249 |     26 |   1 |  317.0 |
          Lair |   6753 |   6328 |    425 |    520 |   4639 |   6 | 1125.5 |
   Spider Nest |     31 |     31 |      0 |      0 |      2 |   1 |   31.0 |
  Orcish Mines |   1886 |   1789 |     97 |    175 |   1249 |   2 |  943.0 |
       Ossuary |    571 |    571 |      0 |      0 |    476 |   1 |  571.0 |
               +--------+--------+--------+--------+--------+-----+--------+

Top non-repeatable levels by time:
     D:2: 1811 daAuts
     D:3: 1778 daAuts
     D:6: 1774 daAuts
     D:1: 1743 daAuts
     D:4: 1724 daAuts
  Lair:6: 1481 daAuts
     D:5: 1355 daAuts
     D:9: 1307 daAuts
  Lair:1: 1245 daAuts
   Orc:2: 1243 daAuts
  Lair:2: 1177 daAuts
  Lair:5: 1124 daAuts
    D:11: 1119 daAuts
    D:10: 1022 daAuts
    D:15: 994 daAuts
